 Dungeon Crawl Stone Soup version 0.31-a0-845-g9abc20d24f (webtiles) character file.

Game seed: 155746507762713558

779 Nedwor the Carver (level 7, -1/50 HPs)
             Began as a Merfolk Gladiator on Oct 2, 2023.
             Killed from afar by a white imp (9 damage)
             ... with a puff of frost
             ... on level 5 of the Dungeon.
             The game lasted 00:07:20 (4130 turns).

Nedwor the Carver (Merfolk Gladiator)               Turns: 4130, Time: 00:07:21

Health: -1/50      AC:  6    Str: 15    XL:     7   Next: 85%
Magic:  7/7        EV: 12    Int:  7    God:
Gold:   218        SH:  7    Dex: 23    Spells: 6/6 levels left

rFire   . . .        a - +1 long sword
rCold   . . .        j - +2 buckler
rNeg    . . .        o - +0 ring mail
rPois   .            c - +0 helmet
rElec   .            (no cloak)
rCorr   +            (no gloves)
SInv    .            (no boots)
Will    .....        (no amulet)
Stlth   +            l - ring of resist corrosion
HPRegen 0.28/turn    k - +6 ring of dexterity
MPRegen 0.10/turn

%: no passive effects
@: no status effects
A: (nimble swimmer 2), mertail
a: no special abilities


You were on level 5 of the Dungeon.
You visited 1 branch of the dungeon, and saw 5 of its levels.

You collected 218 gold pieces.

Inventory:

Hand Weapons
 a - a +1 long sword (weapon)
Missiles
 d - 3 throwing nets (quivered)
 e - 4 javelins
Armour
 c - a +0 helmet (worn)
 j - a +2 buckler (worn)
 o - a +0 ring mail (worn)
Jewellery
 k - a +6 ring of dexterity (right hand)
 l - a ring of resist corrosion (left hand)
 n - a +6 ring of intelligence
Wands
 f - a wand of paralysis (6)
Scrolls
 i - 4 scrolls of identify
 m - 2 scrolls of enchant weapon
Potions
 b - a potion of enlightenment
 g - 2 potions of brilliance
 h - a potion of mutation
 p - a potion of lignification


   Skills:
 - Level 2.1 Fighting
 * Level 10.7 Long Blades
 - Level 2.0 Throwing
 - Level 4.0 Dodging


You had 6 spell levels left.
You didn't know any spells.
Your spell library contained the following spells:

 Spells                   Type           Power      Damage    Failure   Level
 Foxfire                  Conj/Fire      0%         2x1d4     78%         1
 Magic Dart               Conj           0%         1d3       78%         1
 Call Imp                 Summ           0%         N/A       89%         2
 Mephitic Cloud           Conj/Pois/Air  0%         N/A       98%         3
 Summon Guardian Golem    Hex/Summ       0%         N/A       98%         3
 Plasma Beam              Fire/Air       0%         2x1d10    100%        6
 Starburst                Conj/Fire      0%         6d3       100%        6
 Orb of Destruction       Conj           0%         9d5       100%        7
 Spellforged Servitor     Conj/Summ      0%         N/A       100%        7


Dungeon Overview and Level Annotations

Branches:
Dungeon (5/15)
 Temple: D:4-7

Altars:
Nemelex Xobeh
Ru

Shops:
D:4 (


Innate Abilities, Weirdness & Mutations

((You are very nimble when in or above water. (Stealth+, EV+, Speed+++)))
Your lower body shifts to a powerful aquatic tail in water.


Message History

You completely miss something.
You feel sick. The white imp gestures at you.
The puff of frost hits something.
Something hits you but does no damage.
You slash something!
Reactivating autopickup.
You feel a bit more experienced.
You feel sick.
Unknown command.
You feel sick.
Items here: ))) [[ ††.
You barely miss the white imp.
You feel sick. You block the white imp's attack.
You closely miss the white imp.
You feel sick.
The white imp hits you but does no damage.
You hit the white imp but do no damage.
You feel sick.
You are no longer poisoned.
The white imp closely misses you.
You hit the white imp but do no damage. The white imp misses you.
You hit the white imp but do no damage. The white imp misses you.
You hit the white imp.
The white imp is lightly wounded.
The white imp hits you but does no damage.
You hit the white imp but do no damage.
The white imp is lightly wounded.
The white imp closely misses you.
You slash the white imp!
The white imp is almost dead.
The white imp hits you but does no damage.
You barely miss the white imp.
The white imp is almost dead.
The white imp gestures at you. The puff of frost hits you!
* * * LOW HITPOINT WARNING * * *
You feel better. The white imp gestures at you. The puff of frost hits you.
* * * LOW HITPOINT WARNING * * *
You closely miss the white imp.
The white imp is almost dead.
The white imp gestures at you. The puff of frost hits you!
You die...

..........#.#####
###..<..#.....#
#.###.#####.# #
#.# #.# #.#####.#
#.#.....#
#.#.##### #.#)#
###@# #5# # #.###
#. #...#
#.#####o#
...##..oO...#
.......{#####
.#.#....#
.....o..#


You could see a white imp.

Vanquished Creatures
  Menkaure (D:4)
  An orc warrior (D:5)
  An ogre (D:5)
  2 phantoms (D:4)
  An orc priest (D:3)
  An iguana (D:4)
  Terence (D:2)
  2 orc wizards
  Robin (D:2)
  7 gnolls
  5 adders
  4 dart slugs
  11 orcs
  A ball python (D:1)
  2 endoplasms
  2 giant cockroaches
  5 goblins
  9 hobgoblins
  5 jackals (D:3)
  2 quokkas
  2 bats
  4 frilled lizards
  13 kobolds
  3 rats
86 creatures vanquished.

Notes
Turn   | Place    | Note
-------+----------+-------------------------------------------
     0 | D:1      | Nedwor the Merfolk Gladiator began the quest for the Orb.
     0 | D:1      | Reached XP level 1. HP: 16/16 MP: 1/1
   178 | D:1      | Reached skill level 4 in Long Blades
   292 | D:1      | Reached XP level 2. HP: 17/22 MP: 2/2
   716 | D:2      | Noticed Terence
   728 | D:2      | Killed Terence
   729 | D:2      | Reached skill level 5 in Long Blades
   729 | D:2      | Reached XP level 3. HP: 5/27 MP: 3/3
  1204 | D:2      | Noticed Robin
  1219 | D:2      | Reached XP level 4. HP: 33/33 MP: 4/4
  1257 | D:2      | Killed Robin
  1258 | D:2      | Reached skill level 6 in Long Blades
  2089 | D:3      | Reached XP level 5. HP: 7/38 MP: 5/5
  2344 | D:3      | Reached skill level 7 in Long Blades
  2890 | D:3      | Found a sacrificial altar of Ru.
  3269 | D:4      | Found a sparkling altar of Nemelex Xobeh.
  3273 | D:4      | Reached XP level 6. HP: 44/44 MP: 6/6
  3343 | D:4      | Reached skill level 8 in Long Blades
  3346 | D:4      | Reached skill level 9 in Long Blades
  3573 | D:4      | Reached XP level 7. HP: 50/50 MP: 7/7
  3719 | D:4      | Found Cesif's Antique Weapon Shoppe.
  3751 | D:4      | Noticed Menkaure
  3761 | D:4      | Killed Menkaure
  4022 | D:5      | Entered Level 5 of the Dungeon
  4110 | D:5      | Reached skill level 10 in Long Blades
  4128 | D:5      | HP: 2/50 [white imp/puff of frost (9)]
  4130 | D:5      | Killed from afar by a white imp

Illustrated notes

Levels and vault maps discovered:
D:1:      lemuel_arrival_lava_pool, layout_basic
D:2:      layout_loops_corners, minmay_goblin_kobold_house, uniq_robin,
          uniq_terence
D:3:      layout_basic, lemuel_coloured_pillars_altar, grunt_ministairs_2,
          kennysheep_potato
D:4:      layout_rooms, nemelex_xobeh_ov_fountains_minmay, serial_shops,
          nicolae_shop_trees, chequers_serial_rivers_small_3,
          kennysheep_generic_room_11, uniq_menkaure
D:5:      layout_basic, lemuel_temple_firewalk_b, glass_columns_a

Skill      XL: |  1  2  3  4  5  6  7 |
---------------+----------------------+-----
Long Blades    | 4 5 6 7 9 10 | 10.7
Fighting       | |  2.1
Throwing       | |  2.0
Dodging        | |  4.0

Action                     |  1- 3 |  4- 6 |  7- 9 || total
---------------------------+-------+-------+-------++-------
  Melee: Long sword        |    72 |   175 |    45 ||   292
         Punch             |     2 |       |       ||     2
    Use: Scroll            |     2 |     9 |       ||    11
         Potion            |     2 |     2 |     1 ||     5
   Stab: Sleeping          |     2 |     1 |       ||     3
 Armour: Leather armour    |    36 |    21 |       ||    57
         Skin              |     5 |    24 |       ||    29
         Ring mail         |       |    92 |    23 ||   115
  Dodge: Dodged            |    47 |   128 |    18 ||   193
  Block: Buckler           |       |    21 |     5 ||    26

Table legend: (Time is in decaauts)
 A = Elapsed time spent in this place.
 B = Non-inter-level travel time spent in this place.
 C = Inter-level travel time spent in this place.
 D = Time resting spent in this place.
 E = Time spent auto-exploring this place.
 F = Levels seen in this place.
 G = Mean time per level.
                   A        B        C        D        E       F      G
               +--------+--------+--------+--------+--------+-----+--------+
         Total |   4147 |   4033 |    114 |    831 |   2425 |   5 |  829.4 |
       Dungeon |   4147 |   4033 |    114 |    831 |   2425 |   5 |  829.4 |
               +--------+--------+--------+--------+--------+-----+--------+

Top non-repeatable levels by time:
     D:2: 1402 daAuts
     D:3: 1194 daAuts
     D:4: 841 daAuts
     D:1: 604 daAuts
     D:5: 105 daAuts
